 Dungeon Crawl Stone Soup version 0.19-a0-1740-g0bcaf2e (webtiles) character file.

350 nubinia the Charmwright (level 6, 0/32 HPs)
             Began as a Deep Elf Conjurer on Oct 1, 2016.
             Slain by a goblin
             ... wielding a +0 club
             ... led by Robin
              (4 damage)
             ... on level 3 of the Dungeon.
             The game lasted 00:20:22 (3838 turns).

nubinia the Charmwright (Deep Elf Conjurer)         Turns: 3838, Time: 00:20:22

Health: 0/32       AC:  2    Str:  5    XL:     6   Next: 33%
Magic:  8/14       EV: 12    Int: 22    God:
Gold:   93         SH:  3    Dex: 15    Spells: 4 memorised, 3 levels left

rFire  . . .     SeeInvis .     t - +0 blowgun
rCold  . . .     Gourm    .     a - +0 robe
rNeg   . . .     Faith    .     p - +0 buckler
rPois  .         Spirit   .     (no helmet)
rElec  .         Dismiss  .     (no cloak)
rCorr  .         Reflect  .     (no gloves)
MR     .....     Harm     .     (no boots)
Stlth  ++........               (no amulet)
                                (no ring)
                                (no ring)

@: no status effects
A: no striking features
a: no special abilities


You were on level 3 of the Dungeon.
You were very hungry.

You visited 1 branch of the dungeon, and saw 4 of its levels.

You collected 93 gold pieces.

Inventory:

Hand Weapons
 h - a +0 dagger
 t - a +0 blowgun (weapon)
Missiles
 u - 14 poisoned needles (quivered)
Armour
 a - a +0 robe (worn)
 p - a +0 buckler (worn)
Scrolls
 d - a scroll of remove curse
 g - a scroll of blinking {unknown}
 j - 3 scrolls of noise {unknown}
 m - a scroll of fear
 o - a scroll of fog
 r - a scroll of random uselessness {unknown}
 s - 2 scrolls of amnesia {unknown}
Potions
 e - a potion of brilliance {unknown}
 f - a potion of curing
 i - a potion of might
 k - 2 potions of heal wounds {unknown}
 n - a potion of mutation
 v - a potion of cure mutation {unknown}
Books
 b - a book of Conjurations

   Spells                             Type                      Level
   a - Magic Dart                     Conjuration                  1
   b - Searing Ray                    Conjuration                  2
   c - Dazzling Spray                 Conjuration/Hexes            3
   d - Fulminant Prism                Conjuration/Hexes            4
   e - Iskenderun's Mystic Blast      Conjuration                  4
   f - Iskenderun's Battlesphere      Conjuration/Charms           5
 q - a book of Cantrips

   Spells                             Type                      Level
   a - Confusing Touch                Hexes                        1
   b - Animate Skeleton               Necromancy                   1
   c - Summon Small Mammal            Summoning                    1
   d - Apportation                    Translocation                1
Comestibles
 c - 2 bread rations
 l - a meat ration


   Skills:
 - Level 2.8 Dodging
 - Level 2.8 Stealth
 - Level 4.4 Spellcasting
 - Level 5.7 Conjurations
 - Level 1.6 Hexes
 + Level 6.0 Charms


You had 3 spell levels left.
You knew the following spells:

 Your Spells              Type           Power        Failure   Level  Hunger
a - Magic Dart            Conj           ####         1%          1    None
b - Dazzling Spray        Conj/Hex       ###...       14%         3    ##.....
c - Iskenderun's Battles  Conj/Chrm      ####....     43%         5    ######.
S - Animate Skeleton      Necr           N/A          21%         1    None


Dungeon Overview and Level Annotations

Branches:
Dungeon (4/15)             Temple (0/1) D:4

Altars:
Elyvilon

Annotations:
D:4 Blork the orc, Robin, Sigmund


Message History

The hobgoblin is dazzled.
The spray of energy hits the goblin.
You kill the goblin!
Your Charms skill increases to level 6!
Blork the orc looks encouraged for a moment.
The hobgoblin throws a stone.
The stone closely misses you. The goblin misses you.
There is an escape hatch in the ceiling here.
Items here: ! )) † a club; a dagger; a fizzy white potion; a goblin corpse The goblin misses you.
The frilled lizard bites you.
Blork the orc gestures wildly while chanting.
Blork the orc seems to speed up.
The hobgoblin hits you. Robin throws the goblin at you!
* * * LOW HITPOINT WARNING * * *
The goblin closely misses you. The goblin hits you with a club.
* * * LOW HITPOINT WARNING * * *
A mysterious force pulls you upwards. The hatch slams shut behind you.
You are feeling very hungry.
The goblin hits you with a club.
You die...

##..## ##.## #.##. ###..##
###...### #.##. #.>.##
####≈≈...≈≈########.##. ##.###
#..#≈..♣..≈#.........#)
###..######............#######.#.
#....((........♣._.♣...# #.#.
..#.#######..(.gg...(.## #...
....# #..#≈l.♣..≈## ##.r .####
####≈≈@g(≈≈# ##g .### ###...###
#( ...# #..## #< ##.##### #.## #.
#.....#########.# #.
######........§..# #.
.................# ##(
#########.....§..# #.. ##########
#..


You could see a hobgoblin, 2 goblins and a frilled lizard.

Vanquished Creatures
  A phantom (D:4)
  A hound (D:3)
  An orc wizard (D:3)
  A bullfrog skeleton (D:4)
  3 adders
  4 gnolls (D:3)
  An ooze (D:1)
  3 worms
  4 dart slugs
  3 leopard geckos
  10 orcs
  A ball python (D:1)
  3 giant cockroaches
  9 goblins
  7 hobgoblins
  3 jackals
  2 quokkas (D:3)
  8 bats
  4 frilled lizards
  8 kobolds
  5 rats
82 creatures vanquished.

Vanquished Creatures (others)
  An orc (D:4)
1 creature vanquished.

Grand Total: 83 creatures vanquished

Notes
Turn   | Place    | Note
-------+----------+-------------------------------------------
     0 | D:1      | nubinia the Deep Elf Conjurer began the quest for the Orb.
     0 | D:1      | Reached XP level 1. HP: 10/10 MP: 6/6
   196 | D:1      | Reached XP level 2. HP: 15/15 MP: 0/8
   530 | D:1      | Reached skill level 5 in Conjurations
   727 | D:1      | Reached XP level 3. HP: 18/19 MP: 7/10
   732 | D:1      | Learned a level 3 spell: Dazzling Spray
  1394 | D:2      | Reached XP level 4. HP: 24/24 MP: 7/11
  1934 | D:3      | Reached skill level 1 in Hexes
  2054 | D:3      | Found a white marble altar of Elyvilon.
  2840 | D:3      | Reached XP level 5. HP: 28/28 MP: 11/13
  2847 | D:3      | Learned a level 5 spell: Iskenderun's Battlesphere
  2972 | D:3      | Learned a level 1 spell: Animate Skeleton
  3108 | D:3      | Reached skill level 1 in Charms
  3148 | D:3      | Reached skill level 2 in Charms
  3333 | D:3      | Reached skill level 3 in Charms
  3389 | D:4      | Found a staircase to the Ecumenical Temple.
  3389 | D:4      | Noticed Robin
  3411 | D:4      | Noticed Blork the orc
  3637 | D:4      | Reached skill level 4 in Charms
  3707 | D:4      | Noticed a phantom
  3727 | D:4      | Killed a phantom
  3727 | D:4      | Reached skill level 5 in Charms
  3727 | D:4      | Reached XP level 6. HP: 32/32 MP: 0/14
  3828 | D:4      | Noticed Sigmund
  3834 | D:4      | Reached skill level 6 in Charms
  3838 | D:3      | Slain by a goblin

Vault maps used:
D:1:      lemuel_arrival_funnel
D:2:      kennysheep_six_static_rooms, first_bread, minmay_fountain_box
D:3:      elyvilon_altar_4
D:4:      grunt_temple_overflow_holy_war, serial_shops, shop, uniq_robin,
          uniq_sigmund, uniq_blork_the_orc

Skill      XL: |  1  2  3  4  5  6 |
---------------+-------------------+-----
Conjurations   | 5 |  5.7
Spellcasting   | 4 |  4.4
Hexes          | 1 |  1.6
Charms         | 5 6 |  6.0
Dodging        | |  2.8
Stealth        | |  2.8

Action                   |  1- 3 |  4- 6 || total
-------------------------+-------+-------++-------
Melee: Dagger            |     1 |     1 ||     2
 Fire: Blowgun           |       |     9 ||     9
 Cast: Magic Dart        |    75 |   127 ||   202
       Dazzling Spray    |       |     5 ||     5
       Animate Skeleton  |       |     6 ||     6
  Use: Scroll            |     4 |     2 ||     6
       Potion            |       |     1 ||     1
 Stab: Sleeping          |     1 |     1 ||     2
  Eat: Chunk             |     1 |     7 ||     8
Armor: Robe              |     2 |     5 ||     7
Dodge: Dodged            |     2 |    17 ||    19
Block: Buckler           |       |     4 ||     4
